 Dungeon Crawl Stone Soup version 0.19.1-1-g22dce08 (webtiles) character file.

112 esteth the Slasher (level 4, 36/36 HPs)
             Began as a Centaur Gladiator on Dec 31, 2016.
             Quit the game on level 2 of the Dungeon.
             The game lasted 00:03:37 (1419 turns).

esteth the Slasher (Centaur Gladiator)              Turns: 1419, Time: 00:03:38

Health: 36/36      AC:  7    Str: 19    XL:     4   Next: 63%
Magic:  4/4        EV: 10    Int:  7    God:
Gold:   63         SH:  0    Dex:  9    Spells: 0 memorised, 3 levels left

rFire  . . .     SeeInvis .     a - +0 long sword
rCold  . . .     Gourm    .     b - +0 leather armour
rNeg   . . .     Faith    .     (no shield)
rPois  .         Spirit   .     c - +0 helmet
rElec  .         Reflect  .     g - +1 cloak
rCorr  .         Harm     .     (no gloves)
MR     .....                    (no barding)
Stlth  ..........               (no amulet)
                                (no ring)
                                (no ring)

@: very quick
A: hooves 3, deformed body, speed 2, tough skin 3
a: no special abilities


You were on level 2 of the Dungeon.
You were not hungry.

You visited 1 branch of the dungeon, and saw 2 of its levels.

You collected 63 gold pieces.

Inventory:

Hand Weapons
 a - a +0 long sword (weapon)
Missiles
 d - 3 throwing nets (quivered)
Armour
 b - a +0 leather armour (worn)
 c - a +0 helmet (worn)
 g - a +1 cloak (worn)
Scrolls
 e - 3 scrolls of amnesia {unknown}
 i - a scroll of recharging {unknown}
 j - 2 scrolls of blinking {unknown}
 k - 2 scrolls of teleportation {unknown}
 m - a scroll of enchant weapon {unknown}
 o - 2 scrolls of identify {unknown}
 p - a scroll of random uselessness {unknown}
 q - a scroll of fog {unknown}
Potions
 l - a potion of curing {unknown}
 n - a potion of brilliance {unknown}
Comestibles
 f - a bread ration
 h - a chunk of flesh


   Skills:
 - Level 2.0 Fighting
 + Level 4.0 Long Blades
 - Level 2.1 Throwing
 - Level 3.2 Dodging


You had 3 spell levels left.
You didn't know any spells.

Dungeon Overview and Level Annotations

Branches:
Dungeon (2/15)

Altars:


Innate Abilities, Weirdness & Mutations

You have hooves in place of feet.
Armour fits poorly on your strangely shaped body.
You cover ground very quickly.
You have extremely tough skin. (AC +3)


Message History

You slash Natasha!
You kill Natasha!
You feel Natasha's spirit has finally been put to rest.
The crimson imp disappears in a puff of smoke!
Your Long Blades skill increases to level 4!
You see here the felid corpse of Natasha.
You butcher the felid corpse of Natasha.
h - 2 chunks of flesh Eating one of 2 chunks of flesh.
You start eating one of the 2 chunks of flesh.
This raw flesh tastes terrible.
There is a stone staircase leading down here.
Found 13 sling bullets.
e - 3 scrolls labeled UTIXKU MAEBB (gained 1)
Found a long sword.
Found a chain mail.
You see here a long sword.
You see here a chain mail.
Found 17 stones.
Are you sure you want to abandon this character and quit the game? (Confirm with "yes".)

######...####### ##########
###.......##### ##....#
#######.....######..##.##
##################..#.....###..#
#.....)........................#
.....[########################.##
#####...###### #... #
###......########### #... #####
######....@....... #... ....#
######....... #### ### ....... .#
....... =###### ....... ......##
..(.... .####..###### ........ .#
##......###.#####.#. .#
####.≈.≈.≈.≈.≈


There were no monsters in sight!

Vanquished Creatures
  Natasha (thrice) (D:2)
  An adder (D:2)
  A leopard gecko (D:1)
  A giant cockroach (D:1)
  4 goblins
  3 hobgoblins (D:1)
  5 kobolds
  6 bats
  3 frilled lizards
  4 rats (D:1)
31 creatures vanquished.

Notes
Turn   | Place    | Note
-------+----------+-------------------------------------------
     0 | D:1      | esteth the Centaur Gladiator began the quest for the Orb.
     0 | D:1      | Reached XP level 1. HP: 17/17 MP: 1/1
   170 | D:1      | Reached skill level 3 in Long Blades
   190 | D:1      | Reached XP level 2. HP: 23/24 MP: 2/2
   779 | D:1      | You fall through a shaft!
   824 | D:2      | Reached XP level 3. HP: 22/29 MP: 3/3
   962 | D:2      | Noticed Natasha
   972 | D:2      | Killed Natasha
   980 | D:2      | Noticed Natasha
   988 | D:2      | Killed Natasha
   988 | D:2      | Reached XP level 4. HP: 12/36 MP: 4/4
  1253 | D:2      | Noticed Natasha
  1265 | D:2      | Killed Natasha
  1265 | D:2      | Reached skill level 4 in Long Blades
  1419 | D:2      | Quit the game

Skill      XL: |  1  2  3  4 |
---------------+-------------+-----
Long Blades    | 3 4 |  4.0
Dodging        | 3 |  3.2
Fighting       | |  2.0
Throwing       | |  2.1

Action                   |  1- 3 |  4- 6 || total
-------------------------+-------+-------++-------
Melee: Long sword        |    82 |    16 ||    98
       Kick              |    18 |     4 ||    22
  Eat: Chunk             |       |     1 ||     1
Armor: Leather armour    |    48 |     6 ||    54
Dodge: Dodged            |    53 |    15 ||    68
       Rpst.: Long sword |    13 |     2 ||    15
